 Dungeon Crawl Stone Soup version 0.26.0-10-g1f06aea511 (webtiles) character file.

Game seed: 14537888975186161970

44972 Arzdou the Severer (level 13, -6/119 HPs)
             Began as a Minotaur Berserker on Jan 22, 2021.
             Was a High Priest of Trog.
             Mangled by a harpy (10 damage)
             ... on level 4 of the Shoals.
             The game lasted 01:00:59 (16293 turns).

Arzdou the Severer (Minotaur Berserker)            Turns: 16293, Time: 01:01:00

Health: -6/119     AC: 23    Str: 23    XL:     13   Next: 99%
Magic:  0/4        EV: 20    Int:  4    God:    Trog [*****.]
Gold:   1069       SH:  0    Dex: 20    Spells: 12/12 levels left

rFire    + . .     SeeInvis .   t - +5 battleaxe (antimagic)
rCold    . . .     Faith    .   (shield currently unavailable)
rNeg     . . .     Spirit   +   U - +4 chain mail {rF+}
rPois    .         Reflect  .   n - +2 hat {Will+}
rElec    .         Harm     .   e - +0 cloak
rCorr    .         Rampage  .   K - +0 pair of gloves
Will     +....                  E - +0 pair of boots
Stlth    ..........             w - amulet of guardian spirit
HPRegen  0.29/turn              g - +4 ring of evasion
MPRegen  0.09/turn              B - +6 ring of dexterity

@: berserk cooldown, very slightly contaminated, slowed, very slow
A: retaliatory headbutt, horns 2
a: Renounce Religion, Berserk, Trog's Hand, Brothers in Arms


You were on level 4 of the Shoals.
You worshipped Trog.
Trog was extremely pleased with you.
You visited 3 branches of the dungeon, and saw 18 of its levels.
You also visited: Bailey and Volcano.

You collected 1069 gold pieces.

Inventory:

Hand Weapons
 j - a +5 vorpal broad axe
 t - a +5 antimagic battleaxe (weapon)
 P - a +9 battleaxe of flaming
Armour
 e - a +0 cloak (worn)
 n - a +2 hat of willpower (worn)
 E - a +0 pair of boots (worn)
 K - a +0 pair of gloves (worn)
 U - a +4 chain mail of fire resistance (worn)
Jewellery
 d - an uncursed ring of resist corrosion
 g - a +4 ring of evasion (left hand)
 o - an uncursed ring of see invisible
 w - an amulet of guardian spirit (around neck)
 A - an uncursed ring of fire
 B - a +6 ring of dexterity (right hand)
 C - an uncursed ring of protection from cold
 J - an uncursed ring of poison resistance
Wands
 a - a wand of paralysis (9)
 m - a wand of random effects (18)
 q - a wand of polymorph (6)
 y - a wand of disintegration (5)
 D - a wand of iceblast (10)
Scrolls
 b - 3 scrolls of identify
 c - 10 scrolls of teleportation
 f - 2 scrolls of magic mapping
 i - 10 scrolls of remove curse
 k - 3 scrolls of enchant armour
 r - a scroll of noise {unknown}
 z - a scroll of vulnerability {unknown}
 N - 6 scrolls of fog
 Q - a scroll of enchant weapon {unknown}
 T - 2 scrolls of blinking
Potions
 h - 7 potions of lignification
 l - 3 potions of curing
 p - a potion of mutation
 u - a potion of might
 v - 2 potions of attraction
 x - 3 potions of ambrosia
 G - 3 potions of flight
 H - 4 potions of berserk rage
 I - 6 potions of resistance
 O - a potion of magic
 R - 3 potions of brilliance {unknown}


   Skills:
 + Level 12.9 Fighting
 * Level 16.9 Axes
 + Level 12.6 Armour
 + Level 11.6 Dodging
 - Level 6.6 Evocations


You had 12 spell levels left.
You didn't know any spells.
Your spell library was empty.

Dungeon Overview and Level Annotations

Branches:
Dungeon (10/15)            Temple (0/1) D:7            Lair (4/6) D:10
 Shoals (4/4) Lair:2        Snake (0/4) Lair:3          Orc (0/2) D:10
 Bailey (visited)         Volcano (visited)

Altars:
Cheibriados
Elyvilon
Gozag
Hepliaklqana
Kikubaaqudgha
Okawaru
Qazlal
Sif Muna
Trog
Uskayaw
Yredelemnul
Zin
The Shining One

Shops:
D:5 [   D:7 :   D:9 [   Shoals:1 (


Innate Abilities, Weirdness & Mutations

You reflexively headbutt those who attack you in melee.
You have a pair of horns on your head.


Message History

The harpy misses you. x2; You furiously retaliate!
You headbutt the harpy, but do no damage.
The harpy claws you but does no damage. The harpy barely misses you.
The harpy claws you but does no damage. The harpy misses you.
You furiously retaliate!
You headbutt the harpy! The harpy barely misses you.
The merfolk siren shouts!
The harpy screeches! x3
The harpy misses you. The harpy closely misses you. The harpy misses you.
You furiously retaliate!
You headbutt the harpy! The harpy claws you but does no damage.
The harpy misses you. x3
The harpy closely misses you.
Okay, then.
As you read the scroll of fear, it crumbles to dust.
You assume a fearsome visage.
The merfolk siren looks frightened!
The harpy resists with some effort.
The harpy looks frightened! x2
The merfolk siren cries, "Mercy!"
You flicker back into view.
The harpy claws you.
* * * LOW HITPOINT WARNING * * *
The harpy closely misses you. The harpy claws you!
You die...

≈≈≈≈≈.........≈≈≈≈
≈≈≈≈≈......)..≈≈≈≈
≈≈≈≈≈≈≈≈..≈≈...≈≈.
≈≈≈≈≈≈≈≈≈.≈≈≈.≈≈≈.
≈≈≈≈≈≈≈≈..≈≈≈≈≈≈..
≈≈≈≈≈≈..##.†≈≈≈≈≈.
≈≈≈≈≈...##....≈≈≈≈
≈≈≈.........#.≈≈≈.
≈≈≈≈.....@....≈≈..
≈≈≈≈≈≈≈≈≈.H.......
≈≈≈≈≈≈≈≈..........
≈≈≈≈≈≈≈...........
≈≈≈≈............
≈≈≈≈...........≈
≈≈≈≈.......m..≈≈
≈≈≈...........≈≈
≈≈≈≈.......(.≈≈≈


You could see a merfolk siren (fleeing) and a harpy.

Vanquished Creatures
  Gastronok (D:8)
  Roxanne (Shoals:1)
  A red draconian (Volcano)
  A merfolk impaler (Shoals:1)
  A two-headed ogre (D:9)
  A hydra (Lair:2)
  A merfolk aquamancer (Shoals:3)
  A centaur warrior (Volcano)
  The ghost of vatarom the Blocker, a novice FoHu of Okawaru (D:6)
  5 sea snakes
  An orc knight (Bailey)
  5 harpies
  2 cyclopes
  6 manticores
  7 fauns (Shoals:1)
  A centaur zombie (D:8)
  5 elephants (Lair:2)
  Maurice (D:8)
  3 cane toads
  4 black mambas
  4 merfolk sirens
  3 water nymphs
  3 rime drakes
  2 komodo dragons
  A troll (D:9)
  A polar bear (Lair:1)
  7 merfolk
  6 wind drakes
  A hornet (D:9)
  The ghost of dohliylev the Skirmisher, an amateur GrFi (D:3)
  5 dream sheep
  4 blink frogs (Lair:2)
  6 snapping turtles
  A shadow (D:9)
  Sigmund (D:3)
  5 water elementals
  A wyvern (Lair:2)
  19 yaks
  3 basilisks
  The ghost of emiel the Shield-Bearer, an amateur HuFi (D:3)
  The ghost of wakim the Insei, an amateur MfTm (D:3)
  4 wargs (D:10)
  15 water moccasins
  The ghost of IHuginn the Fighter, an amateur GnWn of the Shining One (D:3)
  2 sky beasts (D:8)
  5 orc warriors
  2 black bears (D:7)
  An ice beast (D:8)
  6 ogres
  6 wolves (Lair:2)
  A phantom (D:7)
  10 centaurs
  3 big kobolds
  11 bullfrogs
  A water moccasin zombie (D:8)
  A scorpion (D:9)
  9 wights
  2 electric eels
  A bullfrog zombie (D:7)
  A quasit (D:9)
  3 hounds
  A jelly (D:9)
  8 orc priests
  12 orc wizards
  3 bullfrog skeletons
  2 centaur skeletons
  Natasha (thrice) (D:2)
  7 iguanas
  3 worker ants
  A hound zombie (D:8)
  A worker ant zombie (D:7)
  3 gnolls
  20 adders
  2 shadow imps (D:9)
  A white imp (D:5)
  An ufetubus (D:8)
  4 oozes
  An adder skeleton (D:6)
  2 adder zombies
  2 worms (D:2)
  4 dart slugs
  9 leopard geckos
  26 orcs
  A ball python (D:6)
  6 giant cockroaches
  18 goblins
  10 hobgoblins
  5 jackals
  24 kobolds
  3 quokkas
  12 bats
  5 frilled lizards
  A quokka skeleton (D:7)
  12 rats
  A spectral orc (D:7)
424 creatures vanquished.

Vanquished Creatures (others)
  10 fungi
  34 plants
  2 withered plants (D:3)
46 creatures vanquished.

Grand Total: 470 creatures vanquished

Notes
Turn   | Place    | Note
-------+----------+-------------------------------------------
     0 | D:1      | Arzdou the Minotaur Berserker began the quest for the Orb.
     0 | D:1      | Reached XP level 1. HP: 19/19 MP: 0/0
    64 | D:1      | Reached XP level 2. HP: 22/27 MP: 1/1
   397 | D:1      | Reached skill level 4 in Axes
   665 | D:1      | Reached XP level 3. HP: 33/33 MP: 2/2
  1007 | D:2      | Noticed Natasha
  1018 | D:2      | Killed Natasha
  1093 | D:2      | Noticed Natasha
  1101 | D:2      | Killed Natasha
  1101 | D:2      | Reached ** piety under Trog
  1102 | D:2      | Reached XP level 4. HP: 41/41 MP: 3/3
  1404 | D:2      | Reached skill level 5 in Axes
  1697 | D:2      | Noticed Natasha
  1703 | D:2      | Killed Natasha
  1704 | D:2      | Reached XP level 5. HP: 47/47 MP: 4/4
  1965 | D:3      | Noticed Sigmund
  1985 | D:3      | Killed Sigmund
  1986 | D:3      | Reached skill level 5 in Fighting
  1986 | D:3      | Reached XP level 6. HP: 56/56 MP: 5/5
  2026 | D:3      | Noticed emiel's ghost (amateur HuFi)
  2027 | D:3      | Noticed dohliylev's ghost (amateur GrFi)
  2028 | D:3      | Noticed IHuginn's ghost (amateur GnWn)
  2029 | D:3      | Noticed wakim's ghost (amateur MfTm)
  2035 | D:3      | Found a runed translucent gate.
  2035 | D:3      | Found a runed translucent gate.
  2035 | D:3      | Found a runed translucent gate.
  2121 | D:3      | Reached skill level 6 in Axes
  2274 | D:3      | Reached *** piety under Trog
  2751 | D:4      | Reached XP level 7. HP: 60/61 MP: 3/6
  3067 | D:4      | Found a stormy altar of Qazlal.
  3258 | D:4      | Reached skill level 7 in Axes
  3485 | D:5      | Entered Level 5 of the Dungeon
  3571 | D:5      | Reached skill level 5 in Armour
  4150 | D:5      | Reached skill level 1 in Evocations
  4390 | D:5      | Reached **** piety under Trog
  4396 | D:5      | Found Plog's Antique Armour Emporium.
  4588 | D:3      | Killed dohliylev's ghost
  4589 | D:3      | Reached skill level 5 in Dodging
  4589 | D:3      | Reached XP level 8. HP: 69/70 MP: 5/7
  4597 | D:3      | Killed emiel's ghost
  4598 | D:3      | Reached skill level 8 in Axes
  4599 | D:3      | Killed IHuginn's ghost
  4606 | D:3      | Killed wakim's ghost
  4797 | D:6      | Found a bloodstained altar of Trog.
  4990 | D:6      | Found a runed translucent door.
  4995 | D:6      | Noticed vatarom's ghost (novice FoHu)
  5080 | D:6      | Reached skill level 9 in Axes
  5086 | D:6      | Killed vatarom's ghost
  5087 | D:6      | Reached XP level 9. HP: 79/79 MP: 8/8
  5350 | D:6      | Found a glowing silver altar of Zin.
  5350 | D:6      | Found a white marble altar of Elyvilon.
  5355 | D:6      | Found a glowing golden altar of the Shining One.
  5705 | D:7      | Found a basalt altar of Yredelemnul.
  5742 | D:7      | Reached skill level 10 in Axes
  5887 | D:7      | Reached ***** piety under Trog
  5929 | D:7      | Found a bloodstained altar of Trog.
  6121 | D:7      | Found Riquoss's Book Shop.
  6199 | D:7      | Found a staircase to the Ecumenical Temple.
  6287 | D:8      | Found a hide-covered altar of Uskayaw.
  6292 | D:8      | Found an iron altar of Okawaru.
  6294 | D:8      | Found a snail-covered altar of Cheibriados.
  6296 | D:8      | Found an ancient bone altar of Kikubaaqudgha.
  6608 | D:8      | Noticed Maurice
  6614 | D:8      | Paralysed by Maurice for 7 turns
  6628 | D:8      | Paralysed by Maurice for 3 turns
  6815 | D:8      | Found a flagged portal.
  6824 | Bailey   | Entered a bailey
  6855 | Bailey   | Reached XP level 10. HP: 82/88 MP: 9/9
  6870 | Bailey   | Noticed an orc knight
  6892 | Bailey   | Killed an orc knight
  6893 | Bailey   | Reached skill level 11 in Axes
  7384 | D:8      | Killed Maurice
  7402 | D:8      | Noticed Gastronok
  7439 | D:8      | Killed Gastronok
  7439 | D:8      | Received a gift from Trog
  7440 | D:8      | Reached skill level 12 in Axes
  7440 | D:8      | Reached skill level 5 in Evocations
  7573 | D:8      | Found a shimmering blue altar of Sif Muna.
  7806 | D:9      | Found Ywoops's Armour Boutique.
  7855 | D:9      | Noticed a two-headed ogre
  7864 | D:9      | Reached XP level 11. HP: 96/97 MP: 6/10
  7866 | D:9      | Killed a two-headed ogre
  8031 | D:9      | Found a hazy altar of Hepliaklqana.
  8363 | D:10     | Entered Level 10 of the Dungeon
  8391 | D:10     | Found an opulent altar of Gozag.
  8495 | D:10     | Found a staircase to the Orcish Mines.
  8619 | D:10     | Found a staircase to the Lair.
  9312 | Lair:1   | Entered Level 1 of the Lair of Beasts
  9336 | Lair:1   | Found a dark tunnel.
  9363 | Volcano  | Entered a volcano
  9380 | Volcano  | Noticed a centaur warrior
  9395 | Volcano  | Killed a centaur warrior
  9395 | Volcano  | Received a gift from Trog
  9396 | Volcano  | Reached skill level 10 in Fighting
  9396 | Volcano  | Reached skill level 13 in Axes
  9494 | Volcano  | Noticed a red draconian
  9505 | Volcano  | Killed a red draconian
  9944 | Lair:1   | Reached skill level 10 in Armour
 10534 | Lair:2   | Reached XP level 12. HP: 107/107 MP: 11/11
 10640 | Lair:2   | You fall into a shaft and drop 2 floors!
 10647 | Lair:4   | Noticed a five-headed hydra
 10671 | Lair:4   | Reached skill level 14 in Axes
 10755 | Lair:3   | Found a staircase to the Snake Pit.
 11413 | Lair:3   | Noticed a seven-headed hydra
 11647 | Lair:2   | Reached skill level 10 in Dodging
 11895 | Lair:2   | Noticed a four-headed hydra
 11900 | Lair:2   | Killed a three-headed hydra
 11911 | Lair:2   | Reached skill level 15 in Axes
 12075 | Lair:2   | Received a gift from Trog
 12178 | Lair:2   | Found a staircase to the Shoals.
 12188 | Shoals:1 | Entered Level 1 of the Shoals
 12559 | Shoals:1 | Noticed Roxanne
 12770 | Shoals:1 | Killed Roxanne
 12771 | Shoals:1 | Reached XP level 13. HP: 117/117 MP: 1/12
 13047 | Shoals:1 | HP: 4/177 [merfolk/cursed -1 trident (12)]
 13563 | Shoals:1 | Found Doil's Antique Weapon Shoppe.
 13584 | Shoals:1 | Reached skill level 16 in Axes
 13973 | Shoals:1 | Noticed a merfolk impaler
 13997 | Shoals:1 | Killed a merfolk impaler
 16240 | Shoals:3 | Noticed a merfolk javelineer
 16278 | Shoals:4 | Entered Level 4 of the Shoals
 16282 | Shoals:4 | HP: 4/119 [harpy (2)]
 16293 | Shoals:4 | HP: 4/119 [harpy (2)]
 16293 | Shoals:4 | Mangled by a harpy

Illustrated notes

Levels and vault maps discovered:
D:1:      onia_arrival_pentagram, layout_basic
D:2:      minmay_razor_zed, layout_basic, uniq_natasha
D:3:      layout_loops_cross, gammafunk_ghost_cemetery, minmay_joined_circles,
          uniq_sigmund
D:4:      layout_basic, grunt_qazlal_clouds
D:5:      layout_gridville, serial_shops, shop
D:6:      layout_loops_ring, good_gods_temple_1, marbit_many_paths,
          ebering_ghost_sewer_d
D:7:      layout_loops_ring, yredelemnul_forgotten_temple_becter,
          temple_statues, serial_shops, kennysheep_little_box, minivault_14,
          trog_ov_bears_minmay
D:8:      layout_loops_corners, minitemple, led_sif_pool, enter_bailey_3,
          kennysheep_generic_room_12, uniq_gastronok, uniq_maurice
D:9:      layout_rooms, nzn_hepliaklqana_mist_gate, serial_shops, shop,
          kennysheep_generic_room_16
D:10:     layout_roguey, erik_lair_orcish_takeover, erik_orc_3, basic_altar
Lair:1:   layout_small_grid, enter_volcano_2, grunt_megastairs_1
Lair:2:   layout_layer_cave, minmay_shoals_entry_hut,
          nicolae_quartered_pool_medium, chequers_serial_rivers_micro_c
Lair:3:   layout_regular_city, minmay_snake_entry_six_corridors
Lair:4:   layout_regular_city, grunt_megastairs_2, infiniplex_staircase_pool
Shoals:1: layout_shoals, serial_shops, nicolae_shop_statue_plus, uniq_roxanne
Shoals:2: layout_shoals, ebering_ghost_inner_flame, hangedman_feature_mirror,
          nicolae_shoals_dead_sea_scrolls
Shoals:3: layout_shoals, uniq_ilsuiw
Shoals:4: shoals_end_grunt_ice, layout_shoals, yaktaur_hedge

Skill      XL: |  1  2  3  4  5  6  7  8  9 10 11 12 13 |
---------------+----------------------------------------+-----
Axes           | 4 5 6 7 9 10 12 13 15 16 | 16.9
Fighting       | 4 5 6 7 8 9 10 11 12 | 12.9
Armour         | 3 4 5 6 7 8 10 11 12 | 12.6
Dodging        | 3 4 5 6 7 8 9 10 11 | 11.6
Evocations     | 1 3 4 5 6 |  6.6

Action                   |  1- 3 |  4- 6 |  7- 9 | 10-12 | 13-15 || total
-------------------------+-------+-------+-------+-------+-------++-------
Melee: Hand axe          |    80 |   133 |   316 |   105 |       ||   634
       Headbutt          |     8 |    16 |    92 |   110 |    55 ||   281
       Unarmed           |       |     2 |       |       |       ||     2
       War axe           |       |       |       |    55 |       ||    55
       Broad axe         |       |       |       |    67 |       ||    67
       Battleaxe         |       |       |       |   176 |   219 ||   395
Invok: Berserk           |     3 |     3 |     7 |    14 |     5 ||    32
       Trog's Hand       |       |     1 |       |     1 |     1 ||     3
       Brothers in Arms  |       |       |       |     1 |       ||     1
Evoke: Wand              |       |       |     4 |     7 |     1 ||    12
  Use: Scroll            |       |     8 |    11 |     6 |     1 ||    26
       Potion            |       |       |     2 |     4 |     4 ||    10
 Stab: Distracted        |       |       |     1 |       |       ||     1
Armor: Ring mail         |     8 |       |       |       |       ||     8
       Scale mail        |    22 |     4 |       |       |       ||    26
       Chain mail        |       |    45 |   112 |    73 |   123 ||   353
       Plate armour      |       |       |    30 |   102 |       ||   132
Dodge: Dodged            |    50 |    88 |   320 |   387 |   314 ||  1159
